 Dungeon Sprint DCSS version bcrawl-1.17.3 (webtiles) character file.

Game seed: 1547562865177381518

1180 esc the Jinx (level 8, -3/46 HPs)
             Began as a Spriggan Enchanter on Oct 25, 2019.
             Was an Initiate of Dithmenos.
             Slain by a deep troll (8 damage)
             ... in the Dungeon (Sprint I: "Red Sonja").
             The game lasted 00:04:42 (486 turns).

esc the Jinx (Spriggan Enchanter)                    Turns: 486, Time: 00:04:42

Health: -3/46      AC:  2    Str:  4    XL:     8   Next: 19%
Magic:  19/23      EV: 24    Int: 18    God:    Dithmenos [......]
Gold:   416        SH:  0    Dex: 17    Spells: 19/28 levels left

rFire    . . .     SeeInvis +   j - +2 dagger (elec)
rCold    . . .     Gourm    .   (shield restricted)
rNeg     . . .     Faith    .   b - +0 robe
rPois    .         Spirit   .   (helmet restricted)
rElec    .         Reflect  .   (no cloak)
rCorr    .         Harm     .   (gloves unavailable)
MR       +....     NoTele   +   (boots unavailable)
Stlth    ++++......             (no amulet)
HPRegen  0.15/turn              (no ring)
MPRegen  0.18/turn              (no ring)

@: very quick
A: very small, unfitting armour, see invisible, herbivore, speed 3, slow
metabolism 2
a: Renounce Religion


You were in the Dungeon.
You worshipped Dithmenos.
Dithmenos was noncommittal.
You were not hungry.

You visited 1 branch You collected 594 gold pieces.
You spent 178 gold pieces at shops.

Inventory:

Hand Weapons
 j - a +2 dagger of electrocution (weapon)
 l - a +2 hunting sling of flaming
Missiles
 m - 130 sling bullets
Armour
 b - a +0 robe (worn)
Wands
 c - a wand of polymorph (2)
 o - a wand of flame (20)
Scrolls
 d - a scroll of fog
 k - a scroll of blinking
 n - 3 scrolls of identify {unknown}
Potions
 a - a potion of cancellation {unknown}
 e - 3 potions of curing
 g - a potion of heal wounds
 h - a potion of haste
 i - 2 potions of magic
 p - a potion of degeneration {unknown}
Comestibles
 f - 2 rations {!d}


   Skills:
 + Level 7.4 Fighting
 + Level 6.6 Short Blades
 + Level 8.3 Dodging
 + Level 9.7 Stealth
 + Level 10.8 Spellcasting
 + Level 11.2 Hexes


You had 19 spell levels left.
You knew the following spells:

 Your Spells              Type           Power        Failure   Level  Hunger
a - Corona                Hex            ######.      1%          1    None
b - Ensorcelled Hibernat  Hex/Ice        ####..       1%          2    None
c - Confuse               Hex            ######..     1%          3    None
d - Dazzling Spray        Conj/Hex       ####..       2%          3    None

Your spell library contained the following spells:

 Spells                   Type           Power        Failure   Level  Hunger
 Tukima's Dance           Hex            ######..     1%          3    None


Dungeon Overview and Level Annotations

Branches:
Dungeon (1/1)

Altars:
Cheibriados
Dithmenos
Elyvilon
Fedhas
Gozag
Hepliaklqana
Kikubaaqudgha
Lugonu
Makhleb
Nemelex Xobeh
Okawaru
Qazlal
Ru
Sif Muna
Trog
Uskayaw
Vehumet
Wu Jian
Xom
Yredelemnul
Zin
The Shining One
Jiyva

Shops:
D *


Innate Abilities, Weirdness & Mutations

You are very small and have problems with some larger weapons.
You are too small for most types of armour.
You have supernaturally acute eyesight. (SInv)
You are a herbivore.
You cover ground extremely quickly.
You need to consume almost no food.


Message History

There is an open door here.
You see here 27 gold pieces.
Casting: Dazzling Spray (safe; 2% risk of failure)
Confirm with . or Enter, or press ? or * to list all spells.
Aiming: Ensorcelled Hibernation (safe; 1% risk of failure)
Press: ? - help, Shift-Dir - straight line, f - deep troll
Aim: a deep troll (chance to defeat MR: 41%)
The deep troll resists with some effort.
The deep troll misses you. The deep troll completely misses you.
The deep troll claws you!
Casting: Ensorcelled Hibernation (safe; 1% risk of failure)
Confirm with . or Enter, or press ? or * to list all spells.
Aiming: Ensorcelled Hibernation (safe; 1% risk of failure)
Press: ? - help, Shift-Dir - straight line, f/p - deep troll
Aim: a deep troll (chance to defeat MR: 41%)
The deep troll resists with some effort.
The deep troll bites you! The deep troll claws you!
* * * LOW HITPOINT WARNING * * *
The deep troll claws you!
You die...

#..#####'#####'#__#
#..####..#...#)####
#..#__####..##[#
#..#_____##'#_.+
#⌠⌠#_.∩..†'..._#
####_..__##_.#'#
#_____###'#.#
#########.####+###
+...'@T.$$+
#.).####### ###.###
#.#'#.# #.....#
#.[(..# #######


You could see a deep troll.

Vanquished Creatures
  Sonja (D)
  A slime creature (D)
  Sigmund (D)
  A yak (D)
  An ogre (D)
  A jelly (D)
  Ijyb (D)
  3 ballistomycetes (D)
  A ballistomycete spore (D)
11 creatures vanquished.

Vanquished Creatures (others)
  A ballistomycete spore (D)
1 creature vanquished.

Grand Total: 12 creatures vanquished

Notes
Turn   | Place    | Note
-------+----------+-------------------------------------------
     0 | D        | esc the Spriggan Enchanter began the quest for the Orb.
     0 | D        | Reached XP level 1. HP: 9/9 MP: 5/5
     1 | D        | Noticed Ijyb
    13 | D        | Killed Ijyb
    13 | D        | Reached skill level 5 in Hexes
    13 | D        | Reached XP level 2. HP: 16/16 MP: 5/8
    70 | D        | Learned a level 2 spell: Ensorcelled Hibernation
    72 | D        | Noticed an ogre
    96 | D        | Killed an ogre
    96 | D        | Reached skill level 7 in Hexes
    96 | D        | Reached XP level 3. HP: 14/21 MP: 0/12
    96 | D        | Reached XP level 4. HP: 17/25 MP: 0/13
   198 | D        | Noticed Sigmund
   210 | D        | Killed Sigmund
   210 | D        | Reached skill level 5 in Fighting
   210 | D        | Reached skill level 9 in Hexes
   210 | D        | Reached XP level 5. HP: 32/32 MP: 12/17
   216 | D        | Learned a level 3 spell: Confuse
   220 | D        | Learned a level 3 spell: Dazzling Spray
   237 | D        | Found an ornate altar of the Wu Jian Council.
   237 | D        | Found a shimmering blue altar of Sif Muna.
   239 | D        | Found a radiant altar of Vehumet.
   243 | D        | Reached skill level 5 in Stealth
   243 | D        | Reached XP level 6. HP: 36/36 MP: 11/19
   306 | D        | Found Qutoly's Assorted Antiques.
   306 | D        | Found an ancient bone altar of Kikubaaqudgha.
   306 | D        | Found a hazy altar of Hepliaklqana.
   306 | D        | Found a stormy altar of Qazlal.
   306 | D        | Found a hide-covered altar of Uskayaw.
   306 | D        | Found a blossoming altar of Fedhas.
   306 | D        | Found a bloodstained altar of Trog.
   306 | D        | Found an iron altar of Okawaru.
   306 | D        | Found a basalt altar of Yredelemnul.
   306 | D        | Found a glowing golden altar of the Shining One.
   306 | D        | Found a snail-covered altar of Cheibriados.
   306 | D        | Found a sacrificial altar of Ru.
   306 | D        | Found a glowing silver altar of Zin.
   306 | D        | Found a shadowy altar of Dithmenos.
   306 | D        | Found a white marble altar of Elyvilon.
   306 | D        | Noticed a yak
   307 | D        | Found an opulent altar of Gozag.
   312 | D        | Killed a yak
   312 | D        | Reached skill level 5 in Dodging
   313 | D        | Found a sparkling altar of Nemelex Xobeh.
   343 | D        | Bought a sapphire potion for 20 gold pieces
   343 | D        | Bought a scroll labeled KEZYLACZYAC for 23 gold pieces
   343 | D        | Bought a lead wand for 92 gold pieces
   343 | D        | Bought a bubbling silvery potion for 20 gold pieces
   343 | D        | Bought a scroll labeled KEZYLACZYAC for 23 gold pieces
   352 | D        | Became a worshipper of Dithmenos the Shadowed
   366 | D        | Found a burning altar of Makhleb.
   366 | D        | Found a viscous altar of Jiyva.
   366 | D        | Found a shimmering altar of Xom.
   366 | D        | Found a corrupted altar of Lugonu.
   366 | D        | Noticed a slime creature
   373 | D        | Killed a slime creature
   373 | D        | Reached skill level 5 in Short Blades
   373 | D        | Reached skill level 10 in Spellcasting
   373 | D        | Reached skill level 10 in Hexes
   373 | D        | Reached XP level 7. HP: 41/41 MP: 14/21
   417 | D        | Noticed Sonja
   421 | D        | Killed Sonja
   421 | D        | Reached skill level 11 in Hexes
   421 | D        | Reached XP level 8. HP: 46/46 MP: 21/23
   482 | D        | Noticed a deep troll
   486 | D        | Slain by a deep troll

Skill      XL: |  1  2  3  4  5  6  7 |
---------------+----------------------+-----
Fighting       | 2 4 5 6 7 |  7.4
Spellcasting   | 4 6 8 9 10 | 10.8
Hexes          | 5 7 9 10 11 | 11.2
Stealth        | 5 7 9 |  9.7
Short Blades   | 5 6 |  6.6
Dodging        | 6 8 |  8.3

Action                   |  1- 3 |  4- 6 |  7- 9 || total
-------------------------+-------+-------+-------++-------
Melee: Dagger            |    11 |     9 |    12 ||    32
 Cast: Ensorcelled Hiber |     4 |     8 |     2 ||    14
       Confuse           |       |     1 |       ||     1
       Dazzling Spray    |       |       |     1 ||     1
  Use: Potion            |     1 |       |       ||     1
 Stab: Sleeping          |     2 |     5 |     1 ||     8
Dodge: Dodged            |     5 |     9 |     2 ||    16
